 Dungeon Crawl Stone Soup version 0.29.1-13-g9f3cf754e1 (webtiles) character file.

Game seed: 554550360506311694

232 retardedninja the Digger (level 6, -2/32 HPs)
             Began as a Gargoyle Earth Elementalist on Jan 24, 2023.
             Was an Initiate of Vehumet.
             Slain by a gnoll
             ... wielding a +0 flail
              (5 damage)
             ... on level 4 of the Dungeon.
             The game lasted 00:10:17 (4007 turns).

retardedninja the Digger (GrEE)                     Turns: 4007, Time: 00:10:18

Health: -2/32      AC:  7    Str: 12    XL:     6   Next: 4%
Magic:  3/10       EV: 12    Int: 17    God:    Vehumet [......]
Gold:   128        SH:  0    Dex: 10    Spells: 8/11 levels left

rFire   . . .      SeeInvis .   d - +1 whip
rCold   . . .      Faith    .   (no shield)
rNeg    + . .      Spirit   .   a - +0 robe
rPois   ∞          Reflect  .   (no helmet)
rElec   +          Harm     .   (no cloak)
rCorr   .          Rampage  .   (no gloves)
Will    .....                   g - +0 pair of boots
Stlth   ++........              (no amulet)
HPRegen 0.10/turn               (no ring)
MPRegen 0.12/turn               (no ring)

@: weak-willed
A: sickness immunity, AC +4, negative energy resistance 1, electricity
resistance, torment resistance 1, petrification resistance
a: Renounce Religion


You were on level 4 of the Dungeon.
You worshipped Vehumet.
Vehumet was noncommittal.
You visited 2 branches of the dungeon, and saw 5 of its levels.

You collected 128 gold pieces.

Inventory:

Hand Weapons
 d - a +1 whip (weapon)
Armour
 a - a +0 robe (worn)
 g - a +0 pair of boots (worn)
Jewellery
 o - a ring of protection from fire
 t - a ring of flight
 u - a +4 ring of evasion
Scrolls
 h - a scroll of magic mapping
 j - a scroll of fog
 l - a scroll of amnesia
 m - a scroll of poison
 p - 3 scrolls of identify
Potions
 b - a potion of flight {unknown}
 c - a potion of curing {unknown}
 e - a potion of heal wounds
 i - 2 potions of degeneration {unknown}
 k - a potion of might {unknown}
 n - a potion of ambrosia {unknown}
 r - a potion of mutation {unknown}


   Skills:
 + Level 2.6 Dodging
 + Level 3.7 Stealth
 + Level 3.0 Spellcasting
 + Level 2.1 Transmutations
 + Level 4.7 Earth Magic


You had 8 spell levels left.
You knew the following spells:

 Your Spells              Type           Power      Damage    Failure   Level
a - Sandblast             Erth           36%        2d10      2%          1
b - Passwall              Tmut/Erth      11%        N/A       6%          2

Your spell library contained the following spells:

 Spells                   Type           Power      Damage    Failure   Level
 Stone Arrow              Conj/Erth      20%        3d8       21%         3
 Poisonous Vapours        Pois/Air       4%         N/A       26%         2
 Petrify                  Tmut/Erth      14%        N/A       38%         4
 Animate Dead             Necr           2%         N/A       86%         4
 Corpse Rot               Necr/Pois/Air  2%         N/A       86%         4
 Haunt                    Necr/Summ      1%         N/A       100%        7
 Infestation              Necr           1%         N/A       100%        8


Dungeon Overview and Level Annotations

Branches:
Dungeon (4/15)             Temple (1/1) D:4

Altars:
Ashenzari
Cheibriados
Dithmenos
Elyvilon
Fedhas
Hepliaklqana
Makhleb
Okawaru
Qazlal
Sif Muna
Trog
Uskayaw
Vehumet
Wu Jian
Zin
The Shining One

Shops:
D:1 *!

Annotations:
D:3 2 transporters
D:4 Grinder


Innate Abilities, Weirdness & Mutations

You are immune to sickness and miasma.
Your stone body is resilient. (AC +4)
You are immune to poison.
You resist negative energy. (rN+)
You are resistant to electric shocks. (rElec)
You are resistant to unholy torment.
You are immune to petrification.


Message History

The gnoll hits you with a +0 flail!
Casting: Sandblast (safe; 2% risk of failure)
Confirm with . or Enter, or press ? or * to list all spells.
Aiming: Passwall (safe; 6% risk of failure)
Press: ? - help, Dir - move target You can't see that place. [the floor.]
Okay, then.
Casting: Passwall (safe; 6% risk of failure)
Confirm with . or Enter, or press ? or * to list all spells.
Aiming: Passwall (safe; 6% risk of failure)
Press: ? - help, Dir - move target You can't see that place. [the floor.]
The gnoll closely misses you.
The orc wizard gestures wildly while chanting.
The orc wizard flickers and vanishes!
You begin to meditate on the wall.
You continue meditating on the rock.
Grinder says, "Tell me all your secrets, or I'll kill you."
The gnoll closely misses you. The orc hits you but does no damage.
You continue meditating on the rock.
The gnoll hits you with a +0 flail! The orc closely misses you.
You continue meditating on the rock.
The gnoll hits you with a +0 flail!
* * * LOW HITPOINT WARNING * * *
You finish merging with the rock.
Unknown command.
Something tries to affect you, but you resist.
A magic dart appears from out of thin air!
The magic dart hits something.
The orc throws a stone.
The stone completely misses you.
An orc wizard appears from thin air!
Reactivating autopickup.
Grinder blinks!
The orc throws a stone.
The stone misses you.
A magic dart appears from out of thin air!
Deactivating autopickup; reactivate with Ctrl-A.
The magic dart hits you.
* * * LOW HITPOINT WARNING * * *
The gnoll hits you with a +0 flail.
You die...

#g..# *....#.,,,,,,,*
#...#####.......,,,,>,,
##...........#..,,,,,,,
####5.....#.......****,,,
#..................,,,,,,
#######.#................*,,,,,
#....>#...{....P.........*,*,*,
#............gP..P.......,,,,*,
#.....###..oo.@P>........,,***,
#....(#.......PP..P......,** *,
#.............PP.P.......,,****
##......###...............*,,,**
#..#..######.....#.÷.....#***,,,
##.##.###...........÷.#....,**,,,
..........###..#...........,,*,,,
##............#............,,,,,,
#.......######............,,,***


You could see Grinder (weak-willed), an orc wizard (weak-willed), a gnoll
(weak-willed) and an orc (weak-willed).

Vanquished Creatures
  2 orc priests (D:3)
  Robin (D:2)
  3 gnolls (D:4)
  5 adders
  A white imp (D:4)
  A worm (D:2)
  A dart slug (D:1)
  7 orcs (D:3)
  8 ball pythons
  9 endoplasms
  2 giant cockroaches (D:3)
  10 goblins
  A hobgoblin (D:2)
  2 jackals (D:2)
  6 kobolds
  A quokka (D:1)
  3 bats
  3 frilled lizards
  6 rats
72 creatures vanquished.

Notes
Turn   | Place    | Note
-------+----------+-------------------------------------------
     0 | D:1      | retardedninja the Gargoyle Earth Elementalist began the
                  | quest for the Orb.
     0 | D:1      | Reached XP level 1. HP: 10/10 MP: 3/3
   205 | D:1      | Found Baifap's Distillery.
   225 | D:1      | Reached skill level 1 in Transmutations
   225 | D:1      | Reached XP level 2. HP: 13/15 MP: 0/5
   624 | D:1      | Found Tuobbix's General Store.
   941 | D:2      | Reached XP level 3. HP: 19/19 MP: 2/6
  1234 | D:2      | Noticed Robin
  1236 | D:2      | Reached skill level 4 in Earth Magic
  1614 | D:2      | Killed Robin
  1895 | D:2      | Reached XP level 4. HP: 24/24 MP: 4/7
  2185 | D:2      | Learned a level 2 spell: Passwall
  2881 | D:3      | Reached XP level 5. HP: 26/28 MP: 4/9
  2935 | D:3      | Found a transporter.
  2946 | D:3      | Found a transporter.
  2958 | D:3      | Found a faded altar of an unknown god.
  3669 | D:4      | Found a staircase to the Ecumenical Temple.
  3765 | Temple   | Entered the Ecumenical Temple
  3866 | Temple   | Became a worshipper of Vehumet
  3979 | D:4      | Reached XP level 6. HP: 27/32 MP: 2/10
  3982 | D:4      | Noticed Grinder
  4007 | D:4      | Slain by a gnoll

Illustrated notes

Levels and vault maps discovered:
D:1:      saegor_arrival_simple_e, layout_basic, serial_shops, shop_fountains,
          shop
D:2:      layout_basic, uniq_robin
D:3:      gammafunk_wand_slinger, layout_loops_cross,
          hellmonk_ecumenical_altar_pennies_from_heaven,
          kennysheep_generic_room_13
D:4:      layout_rooms, minmay_temple_entry_overgrown, serial_glass,
          glass_columns_b, glass_columns_b, uniq_grinder
Temple:   lightli_temple_of_artemis

Skill      XL: |  1  2  3  4  5 |
---------------+----------------+-----
Transmutations | 1 2 |  2.1
Earth Magic    | 4 |  4.7
Dodging        | 2 |  2.6
Stealth        | 3 |  3.7
Spellcasting   | 3 |  3.0

Action                   |  1- 3 |  4- 6 || total
-------------------------+-------+-------++-------
Melee: Whip              |     8 |    46 ||    54
       Punch             |       |     1 ||     1
 Cast: Sandblast         |    42 |    57 ||    99
       Passwall          |       |     3 ||     3
  Use: Potion            |     1 |     1 ||     2
       Scroll            |     2 |     5 ||     7
 Stab: Sleeping          |       |     1 ||     1
Armor: Robe              |    18 |    33 ||    51
Dodge: Dodged            |    35 |    69 ||   104
